Map: 데스오라 - 래더

Players

cure

  • Race: Terran Terran
  • Spawn Location: 11:00

Reynor - Winner!

  • Race: Zerg Zerg
  • Spawn Location: 5:00

Event: StayAtHome Story Cup #3

VOD

Have the link to the VOD?

Description

Time

  • Played on: March 12, 2021, 10:27 a.m.
  • Length: 6:21

All games in this series

Show
View Real Time Build Order
Export as new Build Order

cure Terran 

Build Orders:  

Get SALT Encoding   

  12  0:00  SCV  
  13  0:12  SCV  
  14  0:17  Supply Depot  
  14  0:24  SCV  
  15  0:39  Barracks  
  15  0:49  Barracks  
  15  0:52  SCV  
  16  0:59  Refinery  
  16  1:04  SCV  
  17  1:16  SCV  
  18  1:26  Marine  
  18  1:28  Orbital Command  
  19  1:36  Marine  
  19  1:39  Supply Depot  
  20  1:44  Marine  
  21  1:54  Marine  
  21  1:55  SCV  
  23  2:02  Marine  
  23  2:07  SCV  
  25  2:10  Factory  
  25  2:12  Marine  
  26  2:19  Supply Depot  
  26  2:20  Marine  
  27  2:27  Bunker  
  27  2:30  SCV  
  27  2:32  Marine  
  28  2:37  Marine  
  28  2:42  SCV  
  24  2:54  SCV  
  25  3:00  Hellion  
  23  3:06  SCV  
  23  3:12  Command Center  
  24  3:21  Starport, SCV  
  24  3:22  Factory Reactor  
  25  3:27  Refinery  
  25  3:33  SCV  
  26  3:45  SCV, Supply Depot  
  27  3:57  SCV, Medivac  
  27  3:59  Hellion x2  
  27  4:02  Marine x2  
  36  4:09  SCV  
  37  4:23  SCV  
  38  4:24  Hellion x2  
  38  4:25  Orbital Command  
  38  4:29  Marine  
  38  4:31  Marine  
  44  4:36  SCV  
  44  4:38  Liberator  
  48  4:44  Orbital Command  
  48  4:49  Supply Depot  
  48  4:50  Marine x2  
  50  4:57  Armory  
  50  4:59  SCV  
  51  5:03  Hellion  
  51  5:05  Hellion  
  55  5:12  Marine x2  
  57  5:17  SCV x2  
  57  5:19  Supply Depot  
  59  5:28  Hellion x2  
  63  5:31  Barracks Reactor, Barracks Tech Lab  
  65  5:35  SCV x2  
  65  5:41  Supply Depot  
  65  5:47  SCV x2  
  67  5:55  Hellion x2  
  67  6:08  Command Center  
  67  6:09  Starport Reactor  
Show
View Real Time Build Order
Export as new Build Order

Reynor Zerg - Winner!

Build Orders: Pool First 

Get SALT Encoding   

  12  0:00  Drone  
  13  0:12  Overlord  
  13  0:16  Drone  
  14  0:30  Drone x2  
  16  0:40  Spawning Pool  
  15  0:44  Drone  
  15  0:47  Drone  
  17  1:08  Hatchery  
  17  1:11  Drone  
  17  1:27  Zergling x4  
  17  1:28  Zergling x2  
  17  1:30  Queen  
  22  1:35  Extractor  
  21  1:40  Overlord  
  21  1:49  Drone  
  22  2:00  Zergling x2  
  24  2:08  Queen  
  26  2:11  Zergling x2  
  27  2:20  Queen, Zergling x2  
  30  2:23  Zergling x2  
  31  2:34  Overlord  
  32  2:39  Drone x2  
  32  2:40  Drone  
  32  2:42  Drone  
  35  2:45  Overlord  
  34  2:55  Drone  
  34  2:58  Drone  
  34  3:05  Drone  
  35  3:07  Extractor  
  35  3:08  Drone  
  35  3:10  Hatchery  
  34  3:14  Drone  
  34  3:16  Drone x2  
  34  3:18  Drone  
  38  3:20  Drone  
  38  3:24  Drone  
  40  3:30  Queen  
  40  3:32  Drone  
  40  3:34  Drone  
  43  3:35  Drone  
  43  3:41  Overlord  
  44  3:45  Queen  
  44  3:47  Drone  
  47  3:49  Drone  
  47  3:51  Drone  
  47  3:53  Drone  
  47  3:54  Drone  
  51  4:00  Drone  
  51  4:01  Drone x2  
  54  4:03  Overlord  
  54  4:08  Metabolic Boost  
  54  4:11  Queen  
  54  4:16  Drone x3  
  59  4:20  Overlord  
  59  4:21  Drone  
  59  4:23  Zergling x2  
  61  4:27  Zergling x4  
  61  4:28  Zergling x2  
  61  4:30  Zergling x2  
  65  4:32  Zergling x2  
  65  4:34  Zergling x2  
  65  4:36  Queen  
  69  4:40  Zergling x2  
  69  4:41  Overlord  
  69  4:44  Overlord  
  70  4:46  Zergling x4  
  70  4:50  Drone x2  
  74  4:53  Queen  
  74  4:54  Overlord  
  76  5:00  Drone x3  
  76  5:01  Drone  
  76  5:02  Drone  
  76  5:05  Baneling Nest  
  80  5:07  Lair  
  80  5:10  Drone x2  
  80  5:12  Drone  
  80  5:13  Drone  
  84  5:15  Drone x2  
  84  5:18  Extractor  
  84  5:19  Queen  
  84  5:20  Drone  
  88  5:23  Overlord  
  88  5:24  Drone  
  88  5:25  Drone  
  90  5:29  Drone  
  90  5:31  Drone, Spore Crawler  
  90  5:32  Spore Crawler  
  90  5:35  Drone x2, Spore Crawler  
  91  5:37  Zergling x2  
  91  5:38  Zergling x2  
  91  5:42  Overlord  
  92  5:46  Drone x2  
  94  5:53  Overlord  
  94  5:55  Baneling x2  
  94  5:56  Baneling  
  89  5:57  Drone x2  
  89  5:59  Baneling  
  89  6:00  Baneling x3  
  89  6:04  Zergling x16  
  102  6:12  Extractor x2  
  102  6:16  Hatchery  
Tags
 
Add a new tag
Caveats
  • Supply blocks, unpowered buildings, or Contaminate may cause inaccurate times.
  • Supply counts are checked every 10 seconds.